Map: Efflorescence LE

Players

Clamjammer - Winner!

  • Race: Terran Terran
  • League: Platinum
  • Spawn Location: 3:00

StinkPickle - Winner!

  • Race: Protoss Protoss
  • League: Platinum
  • Spawn Location: 12:00

OpuS

  • Race: Protoss Protoss
  • League: Platinum
  • Spawn Location: 6:00

Sketchaphone

  • Race: Zerg Zerg
  • League: Platinum
  • Spawn Location: 9:00

VOD

Have the link to the VOD?

Description

Time

  • Played on: Feb. 16, 2019, 9:32 p.m.
  • Length: 22:29
Show
View Real Time Build Order
Export as new Build Order

Clamjammer Terran - Winner!

Build Orders: Mech 

Get SALT Encoding   

  12  0:00  SCV  
  13  0:13  SCV  
  14  0:18  Supply Depot  
  14  0:25  SCV  
  15  0:35  Refinery  
  15  0:40  SCV  
  16  0:45  Barracks  
  16  0:52  SCV  
  17  0:58  Refinery  
  17  1:04  SCV  
  18  1:16  SCV  
  19  1:32  Orbital Command  
  19  1:35  Reaper  
  19  1:36  Supply Depot  
  20  2:01  Factory  
  20  2:06  SCV  
  21  2:18  SCV  
  22  2:25  Barracks Reactor  
  22  2:30  Supply Depot, SCV  
  23  2:42  SCV  
  24  2:52  Starport  
  24  2:55  SCV  
  24  3:07  SCV  
  25  3:17  Barracks Tech Lab  
  25  3:18  Hellion  
  25  3:19  Hellion  
  29  3:20  Command Center  
  29  3:40  Hellion  
  31  3:46  Fusion Core  
  31  3:47  SCV, Supply Depot  
  32  3:51  Starport Tech Lab  
  34  3:55  Hellion  
  34  3:59  SCV  
  35  4:09  Supply Depot  
  35  4:37  Battlecruiser  
  41  4:43  Refinery  
  41  4:49  Engineering Bay  
  41  5:00  Supply Depot  
  41  5:02  SCV  
  41  5:07  SCV  
  43  5:14  SCV  
  43  5:21  SCV  
  45  5:26  SCV  
  46  5:30  Supply Depot  
  46  5:44  Factory  
  40  6:16  SCV  
  40  6:17  Battlecruiser  
  48  6:22  Planetary Fortress  
  47  6:27  Refinery  
  47  6:36  Factory  
  47  6:44  Supply Depot  
  47  6:46  Barracks Tech Lab, Siege Tank  
  50  6:56  Armory  
  50  7:00  Missile Turret x2, SCV x2  
  48  8:02  Missile Turret, Siege Tank  
  48  8:03  Hellbat x2  
  55  8:16  Terran Vehicle Weapons Level 1  
  55  8:19  Armory  
  55  8:24  Hellbat x2  
  55  8:26  SCV x2  
  61  8:38  SCV x2  
  63  8:44  Hellbat, Siege Tank  
  63  8:46  Missile Turret  
  68  8:50  SCV x2  
  68  8:55  Barracks Tech Lab  
  70  8:59  Weapon Refit  
  70  9:02  SCV x2  
  72  9:05  Thor  
  78  9:14  SCV x2  
  78  9:16  Thor  
  86  9:26  SCV x2, Supply Depot  
  70  9:38  SCV  
  70  9:39  SCV  
  67  9:48  Hellbat  
  67  9:51  SCV x2  
  67  9:52  Thor  
  79  9:53  Hellbat  
  79  9:59  Thor  
  85  10:03  SCV  
  86  10:09  Hellbat  
  90  10:14  Hellbat  
  91  10:21  SCV  
  91  10:30  Hellbat  
  91  10:33  SCV x2  
  91  10:34  Terran Vehicle Weapons Level 2  
  91  10:35  Hellbat, Siege Tank  
  100  10:37  Terran Vehicle And Ship Armor Level 1  
  100  10:39  Sensor Tower  
  100  10:42  Hellbat  
  102  10:51  Factory  
  102  11:03  Siege Tank  
  105  11:04  Infernal Pre-Igniter  
  105  11:05  Refinery  
  105  11:07  Siege Tank  
  105  11:09  Refinery  
  107  11:28  Sensor Tower  
  107  11:31  Hellbat  
  109  11:38  Supply Depot  
  109  11:40  Supply Depot  
  109  11:42  Supply Depot  
  109  11:59  Siege Tank  
  109  12:00  Hellbat x3  
  118  12:21  Thor x2  
  130  12:23  Supply Depot  
  130  12:35  Command Center  
  130  12:38  SCV  
  131  12:45  Thor  
  136  12:58  Supply Depot  
  134  13:16  Command Center  
  134  13:21  Terran Vehicle Weapons Level 3  
  134  13:22  Terran Vehicle And Ship Armor Level 2  
  134  13:23  Hellbat  
  136  13:27  Supply Depot  
  136  13:33  SCV  
  137  13:35  Starport, SCV  
  138  13:45  SCV  
  139  13:58  Sensor Tower  
  139  13:59  SCV x2  
  141  14:07  Hellbat  
  141  14:08  Hellbat  
  145  14:22  SCV  
  146  14:24  Refinery  
  146  14:25  Missile Turret  
  146  14:27  Refinery  
  146  14:39  Thor  
  146  14:40  Hellbat x2  
  148  15:01  Thor  
  148  15:02  SCV x3  
  140  15:27  Hellbat x2  
  140  15:28  Command Center  
  129  16:03  SCV  
  130  16:10  Planetary Fortress  
  130  16:13  Refinery, SCV  
  130  16:14  Refinery  
  130  16:15  SCV  
  132  16:23  Hellbat x2  
  138  16:26  SCV  
  138  16:27  SCV  
  140  16:38  SCV  
  140  16:39  Hellbat x3, SCV  
  138  16:50  SCV  
  137  17:02  SCV x3  
  140  17:13  Hellbat x2  
  140  17:14  SCV  
  121  17:47  Thor x3  
  121  17:48  Hellbat x2, SCV x2  
  121  17:49  SCV  
  126  18:00  SCV x2  
  124  18:09  Hellbat  
  124  18:10  Hellbat  
  128  18:24  SCV  
  128  18:25  SCV x2  
  131  18:30  Hellbat  
  131  18:31  Hellbat x3  
  139  18:37  Refinery, SCV  
  139  18:38  Refinery  
  136  18:51  Thor  
  136  18:52  Siege Tank, Thor  
  128  19:17  Orbital Command  
  128  19:23  Thor  
  134  19:27  Missile Turret  
  134  19:28  Missile Turret  
  134  19:32  Missile Turret  
  134  19:34  Thor x2  
  131  20:06  Thor  
  129  20:13  SCV  
  123  20:17  Thor x2  
  123  20:18  Refinery  
  135  20:25  SCV  
  133  20:36  Hellbat x2  
  133  20:37  SCV x3  
  133  20:40  Refinery  
  140  20:49  SCV  
  141  20:55  Hellbat  
  143  20:57  SCV x2  
  143  20:58  Hellbat  
  143  21:00  Thor  
  143  21:01  SCV  
  143  21:03  Hellbat  
  156  21:05  Missile Turret  
  156  21:13  Hellbat, SCV  
  156  21:14  SCV x2  
  156  21:16  Starport Reactor  
  153  21:20  Supply Depot  
  153  21:25  SCV  
  148  21:26  SCV x2  
  143  21:37  SCV  
  132  21:47  Missile Turret  
  132  21:48  Missile Turret  
  132  21:51  Missile Turret, Command Center  
  132  21:58  Hellbat x3  
Show
View Real Time Build Order
Export as new Build Order

StinkPickle Protoss - Winner!

Build Orders: Carriers 

Get SALT Encoding   

  12  0:00  Probe  
  13  0:16  Pylon  
  13  0:29  Probe  
  14  0:36  Gateway  
  14  0:37  Probe  
  15  0:45  Probe  
  16  0:56  Probe  
  17  1:09  Probe  
  18  1:21  Probe  
  18  1:25  Cybernetics Core  
  19  1:26  Assimilator  
  19  1:30  Assimilator  
  19  1:33  Probe  
  20  1:44  Pylon  
  20  1:50  Probe  
  20  1:53  Pylon  
  21  1:58  Probe  
  21  2:07  Probe  
  23  2:20  Probe  
  24  2:32  Probe  
  24  2:33  Stargate  
  25  2:45  Nexus  
  25  2:53  Shield Battery  
  25  2:55  Adept, Probe  
  26  2:59  Pylon  
  27  3:07  Probe  
  27  3:12  Void Ray  
  32  3:27  Forge  
  32  3:32  Probe  
  33  3:38  Adept  
  33  4:09  Adept  
  33  4:13  Void Ray  
  33  4:15  Pylon  
  35  4:17  Pylon  
  39  4:24  Probe  
  39  4:25  Probe  
  39  4:31  Adept  
  41  4:36  Probe  
  42  4:42  Photon Cannon  
  42  4:44  Probe  
  45  4:56  Phoenix  
  47  5:02  Photon Cannon  
  47  5:08  Probe  
  47  5:13  Pylon  
  48  5:20  Probe  
  48  5:21  Phoenix  
  51  5:22  Probe  
  52  5:37  Stargate  
  52  5:43  Fleet Beacon  
  52  5:46  Probe  
  52  5:47  Probe  
  54  5:59  Probe x2  
  56  6:05  Photon Cannon  
  56  6:13  Probe  
  56  6:14  Probe  
  56  6:15  Void Ray  
  62  6:23  Photon Cannon  
  62  6:34  Photon Cannon  
  62  6:36  Pylon  
  62  6:39  Pylon  
  62  6:41  Shield Battery  
  62  6:42  Probe  
  62  6:43  Probe  
  62  6:45  Assimilator  
  64  6:49  Assimilator  
  64  6:51  Probe x2  
  64  6:59  Probe  
  64  7:00  Probe  
  68  7:09  Probe  
  69  8:08  Carrier  
  69  8:10  Carrier  
  81  8:17  Stargate  
  81  8:48  Probe  
  81  8:55  Robotics Facility  
  82  8:58  Pylon  
  82  9:00  Pylon  
  82  9:03  Stargate  
  82  9:07  Pylon  
  82  9:11  Pylon  
  82  9:12  Pylon  
  82  9:17  Pylon  
  82  9:19  Photon Cannon  
  82  9:22  Photon Cannon  
  82  9:28  Photon Cannon  
  78  10:10  Nexus  
  73  10:23  Nexus  
  73  10:43  Observer  
  73  10:45  Carrier x2  
  73  10:49  Nexus  
  86  10:50  Pylon  
  86  10:51  Pylon  
  86  10:55  Pylon  
  86  11:22  Probe  
  87  11:26  Carrier  
  93  11:34  Probe  
  94  11:43  Probe  
  94  11:46  Probe  
  96  11:55  Probe  
  96  11:58  Probe  
  98  12:10  Probe  
  97  12:31  Probe x3  
  97  12:35  Carrier  
  100  12:41  Carrier  
  100  12:43  Probe x3  
  115  12:55  Probe x3  
  118  13:02  Photon Cannon  
  118  13:04  Photon Cannon  
  118  13:05  Photon Cannon  
  118  13:07  Probe  
  118  13:08  Photon Cannon  
  118  13:10  Photon Cannon  
  119  13:14  Photon Cannon  
  119  13:15  Carrier, Photon Cannon  
  119  13:17  Photon Cannon  
  119  13:20  Photon Cannon  
  119  13:23  Photon Cannon  
  119  13:25  Pylon  
  125  13:29  Assimilator  
  125  13:33  Carrier  
  131  13:34  Assimilator  
  131  13:35  Pylon  
  131  13:38  Pylon  
  130  13:41  Pylon  
  130  13:47  Pylon  
  125  13:51  Pylon  
  125  13:54  Shield Battery  
  125  14:14  Carrier  
  131  14:29  Pylon  
  117  14:52  Carrier  
  117  15:04  Carrier  
  117  15:35  Carrier  
  123  15:36  Probe x3  
  126  15:48  Probe x3  
  129  16:00  Nexus, Probe  
  129  16:01  Probe x2  
  129  16:02  Carrier  
  138  16:04  Pylon  
  138  16:07  Pylon  
  138  16:08  Pylon  
  138  16:11  Pylon  
  138  16:12  Probe  
  138  16:13  Probe  
  138  16:14  Zealot  
  138  16:16  Pylon  
  138  16:17  Phoenix  
  144  16:19  Assimilator  
  144  16:20  Twilight Council  
  144  16:24  Assimilator  
  144  16:26  Pylon  
  144  17:03  Photon Cannon  
  144  17:05  Photon Cannon  
  144  17:07  Photon Cannon x2  
  144  17:09  Photon Cannon  
  144  17:12  Photon Cannon  
  144  17:14  Photon Cannon  
  109  18:03  Mothership  
  109  18:11  Carrier x3  
  127  18:17  Probe  
  136  19:13  Probe x2  
  138  19:19  Nexus  
  138  19:21  Photon Cannon  
  138  19:24  Photon Cannon, Void Ray  
  138  19:25  Probe x2  
  140  19:37  Probe  
  145  19:39  Void Ray  
  125  20:11  Carrier x2  
  137  20:41  Nexus  
  127  22:07  Nexus  
Show
View Real Time Build Order
Export as new Build Order

OpuS Protoss 

Build Orders:  

Get SALT Encoding   

  12  0:01  Probe  
  13  0:13  Probe  
  14  0:18  Pylon  
  14  0:25  Probe  
  15  0:37  Probe  
  15  0:42  Gateway  
  16  0:49  Probe  
  17  0:57  Assimilator  
  17  0:59  Assimilator  
  17  1:01  Probe  
  18  1:09  Probe, Gateway  
  19  1:23  Pylon  
  19  1:32  Cybernetics Core  
  19  1:38  Probe  
  20  1:50  Probe  
  21  1:56  Pylon  
  21  1:58  Probe  
  22  2:09  Warp Gate  
  22  2:10  Stalker  
  22  2:12  Stalker  
  26  2:17  Probe  
  26  2:34  Probe  
  26  2:35  Robotics Facility  
  26  2:42  Probe  
  28  3:01  Nexus  
  28  3:06  Pylon  
  28  3:15  Gateway  
  28  3:20  Gateway  
  28  3:23  Observer  
  29  3:30  Stalker  
  31  3:37  Stalker  
  33  3:48  Twilight Council  
  33  3:54  Pylon  
  33  4:03  Blink  
  33  4:10  Immortal  
  33  4:14  Probe  
  38  4:18  Probe  
  39  4:34  Probe x2  
  41  4:41  Stalker  
  41  4:44  Stalker  
  41  4:45  Observer  
  45  4:50  Probe x2  
  47  5:02  Immortal  
  51  5:13  Probe x2  
  53  5:15  Stalker  
  53  5:20  Stalker  
  57  5:25  Probe x2  
  59  5:32  Pylon, Immortal  
  63  5:49  Sentry  
  65  5:51  Pylon  
  65  5:53  Sentry  
  67  6:03  Adept x2  
  71  6:05  Probe x2  
  73  6:19  Immortal  
  73  6:20  Probe  
  73  6:21  Probe  
  79  6:28  Adept  
  79  6:29  Adept  
  83  6:32  Probe  
  83  6:33  Pylon, Probe  
  85  6:44  Gateway  
  85  6:45  Probe  
  85  6:46  Gateway  
  86  6:49  Pylon  
  86  6:51  Probe  
  87  6:57  Probe, Assimilator  
  88  7:01  Gateway  
  88  7:03  Probe  
  85  7:12  Stalker x2  
  85  7:13  Stalker  
  87  7:21  Gateway  
  87  7:40  Immortal  
  89  7:48  Forge  
  89  7:50  Forge  
  89  7:55  Probe x2  
  89  7:57  Forge  
  91  7:59  Assimilator  
  91  8:07  Probe  
  91  8:09  Stalker x2  
  91  8:10  Stalker x3  
  102  8:16  Pylon  
  102  8:20  Pylon  
  102  8:28  Protoss Ground Weapons Level 1, Protoss Ground Armor Level 1  
  102  8:31  Pylon  
  102  8:34  Immortal  
  106  8:45  Protoss Shields Level 1  
  105  9:13  Warp Prism  
  107  9:19  Stalker x4  
  107  9:20  Stalker  
  87  9:59  Protoss Ground Weapons Level 2  
  81  10:04  Stalker x2  
  81  10:05  Stalker x2, Nexus, Protoss Ground Armor Level 2  
  69  10:07  Pylon  
  69  10:09  Pylon  
  69  10:13  Assimilator  
  65  10:18  Stalker x3, Assimilator  
  63  10:24  Stalker  
  65  10:49  Stalker x2  
  69  10:50  Stalker  
  69  10:55  Stalker  
  73  11:03  Stalker  
  75  11:05  Stalker  
  75  11:06  Protoss Shields Level 2  
  75  11:10  Observer  
  78  11:14  Stalker  
  78  11:17  Probe x2  
  78  11:18  Probe  
  83  11:33  Stalker  
  83  11:36  Stalker  
  83  11:39  Probe  
  89  11:40  Probe  
  89  11:42  Probe  
  90  11:47  Stalker  
  92  11:56  Charge  
  88  12:08  Probe x3  
  90  12:09  Stalker x3  
  90  12:13  Stalker  
  98  12:20  Probe x3  
  101  12:28  Protoss Ground Weapons Level 3  
  101  12:44  Gateway  
  101  12:47  Gateway  
  101  12:52  Gateway  
  101  12:56  Gateway  
  99  13:03  Protoss Ground Armor Level 3  
  99  13:05  Zealot x5  
  107  13:06  Zealot  
  111  13:21  Zealot  
  111  13:22  Zealot  
  115  13:29  Zealot x2  
  115  13:30  Zealot x3  
  115  13:33  Zealot  
  131  13:41  Immortal  
  131  13:53  Templar Archives  
  131  13:56  Zealot  
  131  13:57  Zealot x2  
  131  13:59  Zealot  
  139  14:02  Zealot  
  141  14:10  Zealot x2  
  141  14:12  Zealot  
  147  14:25  Immortal  
  127  14:49  Zealot x2  
  127  14:50  Zealot x6  
  137  15:19  Probe  
  137  15:20  Probe x2  
  132  15:23  Immortal  
  132  15:26  High Templar x6  
  132  15:27  High Templar x2  
  92  15:28  High Templar x2  
  92  15:30  High Templar x2  
  92  15:33  Archon, Protoss Shields Level 3  
  92  15:34  Archon x3  
  92  15:35  Archon x2  
  96  15:54  Nexus  
  96  16:11  Immortal  
  100  16:15  High Templar x2  
  100  16:18  High Templar x2  
  106  16:20  Archon  
  106  16:22  Archon  
  108  16:34  Pylon  
  108  16:37  Pylon x2  
  108  16:40  Stalker x2  
  112  16:55  Immortal  
  116  17:07  Assimilator  
  116  17:11  Assimilator  
  116  17:17  Zealot x3  
  116  17:18  Zealot x2  
  126  17:24  Stalker x2  
  126  17:36  Zealot x4  
  126  17:37  Zealot  
  86  17:51  Zealot x3  
  86  17:52  Zealot x3  
  86  17:57  Dark Shrine  
  62  18:17  Stalker x6  
  62  18:18  Stalker  
  76  18:22  Stalker  
  76  18:25  Stalker  
  79  18:33  Stalker  
  59  18:36  Stalker  
  49  19:03  Stalker  
  49  19:04  Stalker x3  
  38  19:32  Dark Templar x4  
  32  20:12  Stalker  
  18  20:55  Dark Templar  
  16  21:05  High Templar x2  
  20  21:12  Archon  
  16  21:46  Dark Templar  
Show
View Real Time Build Order
Export as new Build Order

Sketchaphone Zerg 

Build Orders: Hatch First, Swarm Host 

Get SALT Encoding   

  12  0:02  Drone  
  13  0:12  Overlord  
  13  0:20  Drone  
  14  0:24  Drone, Extractor  
  15  0:31  Drone  
  16  0:36  Drone  
  17  0:56  Hatchery  
  16  1:00  Drone  
  17  1:04  Extractor  
  17  1:06  Drone  
  17  1:18  Spawning Pool  
  16  1:20  Drone  
  17  1:35  Drone x2  
  19  1:44  Drone  
  20  1:51  Overlord  
  20  2:06  Queen  
  20  2:07  Metabolic Boost  
  22  2:11  Drone  
  22  2:13  Drone  
  24  2:18  Queen  
  24  2:20  Drone  
  27  2:32  Drone  
  27  2:36  Zergling x4  
  30  2:39  Zergling x2  
  30  2:42  Zergling x2  
  32  2:46  Zergling x2  
  33  2:51  Zergling x2  
  34  3:00  Zergling x2  
  34  3:01  Overlord, Baneling Nest  
  34  3:06  Queen  
  34  3:12  Overlord  
  36  3:23  Overlord  
  36  3:25  Overlord  
  36  3:32  Drone  
  37  3:35  Lair  
  37  3:36  Drone  
  37  4:10  Queen  
  37  4:11  Overlord  
  39  4:17  Drone, Extractor  
  39  4:18  Roach Warren  
  39  4:19  Drone  
  39  4:22  Drone  
  40  4:29  Hatchery  
  39  4:40  Drone x6  
  45  4:53  Zergling x6  
  45  4:54  Zergling x2  
  45  4:55  Drone  
  45  4:56  Drone  
  51  5:01  Drone x2  
  51  5:05  Drone  
  54  5:09  Drone x2  
  56  5:22  Queen  
  58  5:33  Pneumatized Carapace  
  58  5:34  Drone x5  
  63  5:36  Extractor  
  63  5:38  Extractor  
  63  5:40  Evolution Chamber  
  63  5:41  Evolution Chamber  
  59  5:43  Hydralisk Den, Glial Reconstitution  
  59  5:45  Drone  
  51  6:17  Drone x11  
  62  6:23  Grooved Spines  
  62  6:30  Nydus Network  
  62  6:32  Queen  
  63  6:39  Roach x2  
  69  6:40  Roach  
  69  6:48  Zerg Ground Armor Level 1  
  69  6:54  Overlord  
  69  7:01  Roach x4  
  77  7:05  Roach  
  77  7:07  Roach  
  81  7:14  Nydus Canal  
  81  7:21  Roach  
  81  7:22  Roach  
  85  7:28  Roach x2  
  89  7:34  Nydus Canal  
  89  7:37  Overlord x2, Zergling x2  
  90  7:47  Overlord, Extractor  
  90  7:49  Overlord  
  89  7:53  Hatchery  
  88  8:01  Nydus Canal  
  88  8:16  Nydus Canal  
  88  8:19  Roach x9  
  105  8:22  Overlord x2  
  105  8:29  Overlord  
  105  8:30  Nydus Canal  
  105  8:34  Overlord x2  
  105  8:41  Drone x6  
  111  8:47  Zerg Ground Armor Level 2, Zerg Missile Weapons Level 1  
  111  8:50  Evolution Chamber  
  110  9:00  Nydus Canal  
  110  9:07  Roach  
  110  9:08  Roach x7  
  126  9:10  Drone  
  126  9:11  Drone  
  126  9:13  Drone  
  129  9:21  Hydralisk  
  129  9:22  Hydralisk x2  
  135  9:27  Roach  
  134  9:37  Hydralisk x4  
  137  9:56  Zergling x2  
  137  9:57  Zergling x16  
  137  9:58  Overlord  
  134  10:17  Burrow  
  134  10:21  Queen  
  134  10:26  Hydralisk x3  
  142  10:34  Tunneling Claws  
  142  10:35  Infestation Pit, Centrifical Hooks  
  141  10:37  Hydralisk x3  
  141  10:38  Zergling x6  
  144  11:00  Drone x3  
  147  11:05  Drone x4  
  147  11:06  Drone  
  147  11:10  Zerg Missile Weapons Level 2  
  152  11:12  Hive  
  152  11:22  Overlord x2  
  152  11:23  Overlord  
  152  11:25  Overlord x3  
  152  11:27  Overlord  
  152  11:31  Nydus Canal  
  151  11:45  Nydus Canal  
  151  11:51  Swarm Host x9  
  178  11:57  Drone x4  
  178  12:00  Extractor  
  178  12:01  Extractor  
  180  12:04  Extractor  
  179  12:10  Swarm Host  
  179  12:11  Swarm Host x2  
  188  12:17  Nydus Canal  
  188  13:39  Muscular Augments  
  188  13:41  Spire  
  188  13:43  Zerg Ground Armor Level 3, Adrenal Glands  
  188  13:44  Zerg Missile Weapons Level 3  
  188  13:45  Zerg Melee Weapons Level 1  
  188  13:47  Lurker Den  
  188  13:48  Roach  
  188  13:49  Roach x6  
  199  14:23  Nydus Canal  
  199  14:38  Nydus Canal  
  123  15:06  Hydralisk  
  123  15:07  Corruptor x2, Hydralisk x10  
  119  15:08  Corruptor x7  
  119  15:09  Zergling x36  
  119  15:10  Zergling x22  
  187  15:24  Ultralisk Cavern  
  187  15:26  Hydralisk x4  
  194  15:42  Corruptor x2  
  176  15:53  Corruptor  
  176  15:54  Corruptor x2  
  172  16:15  Overlord x2  
  172  16:16  Overlord  
  172  16:18  Drone x2  
  172  16:19  Drone x4  
  172  16:21  Ultralisk x2  
  172  16:23  Chitinous Plating  
  190  16:34  Zergling x4  
  192  16:46  Greater Spire  
  192  16:53  Overlord  
  192  17:10  Nydus Canal  
  192  17:18  Corruptor x4  
  131  18:02  Ultralisk x2, Corruptor x9  
  159  18:09  Hatchery  
  158  18:16  Nydus Canal  
  158  18:18  Corruptor x2  
  158  18:19  Corruptor  
  164  18:26  Zerg Flyer Armor Level 1  
  164  18:31  Corruptor  
  166  18:50  Corruptor x3  
  166  18:55  Zergling x8  
  176  19:00  Zergling x4  
  178  19:09  Corruptor  
  180  19:31  Nydus Canal  
  180  19:36  Extractor  
  179  19:39  Extractor  
  141  20:06  Corruptor  
  112  20:07  Corruptor x7  
  114  20:32  Corruptor x7  
  91  21:18  Nydus Canal  
  82  21:33  Corruptor x6  
Tags
 
Add a new tag
Caveats
  • Supply blocks, unpowered buildings, or Contaminate may cause inaccurate times.
  • Supply counts are checked every 10 seconds.